 Dungeon Crawl Stone Soup version 0.22-a0-395-gfed312b (webtiles) character file.

25 4thArraOfDagon the Magician (level 2, -1/19 HPs)
             Began as a Mummy Fire Elementalist on May 3, 2018.
             Slain by an ooze (3 damage)
             ... on level 1 of the Dungeon.
             The game lasted 00:01:43 (346 turns).

4thArraOfDagon the Magician (MuFE)                   Turns: 346, Time: 00:01:45

Health: -1/19      AC:  2    Str: 11    XL:     2   Next: 82%
Magic:  0/6        EV: 12    Int: 14    God:
Gold:   8          SH:  0    Dex: 12    Spells: 6/7 levels left

rFire    . . .     SeeInvis .   (no weapon)
rCold    + . .     Gourm    .   (no shield)
rNeg     + + +     Faith    .   a - +0 robe
rPois    ∞         Spirit   .   (no helmet)
rElec    .         Reflect  .   (no cloak)
rCorr    .         Harm     .   (no gloves)
MR       .....                  (no boots)
Stlth    ++........             (no amulet)
HPRegen  0.06/turn              b - ring of protection from fire
MPRegen  0.10/turn              (no ring)

@: very slightly contaminated
A: no food or potions, fire vulnerability, cold resistance 1, negative energy
resistance 3, torment resistance, unbreathing
a: no special abilities


You were on level 1 of the Dungeon.
You were not hungry.

You visited 1 branch of the dungeon, and saw 1 of its levels.

You collected 8 gold pieces.

Inventory:

Armour
 a - a +0 robe (worn)
Jewellery
 b - a ring of protection from fire (left hand)


   Skills:
 - Level 1.5 Dodging
 - Level 1.5 Stealth
 + Level 3.0 Spellcasting
 * Level 1.5 Conjurations
 * Level 2.8 Fire Magic


You had 6 spell levels left.
You knew the following spells:

 Your Spells              Type           Power        Failure   Level  Hunger
a - Flame Tongue          Conj/Fire      #....        9%          1    N/A

Dungeon Overview and Level Annotations

Branches:
Dungeon (1/15)

Altars:


Innate Abilities, Weirdness & Mutations

You do not eat or drink.
Your flesh is vulnerable to fire.
You are immune to poison.
Your flesh is cold resistant. (rC+)
You are immune to negative energy. (rN+++)
You are immune to unholy pain and torment.
You can survive without breathing.


Message History

The ooze is lightly wounded.
The ooze hits you.
* * * LOW HITPOINT WARNING * * *
Unknown command.
You hit the ooze but do no damage.
The ooze is lightly wounded.
The ooze barely misses you.
Unknown command.
You hit the ooze.
The ooze is moderately wounded.
The ooze misses you.
Unknown command.
You hit the ooze.
The ooze is heavily wounded.
The ooze barely misses you.
Unknown command.
You barely miss the ooze.
The ooze is heavily wounded.
The ooze hits you.
You die...

.............##..........
####....[..#......)†...........
##.....#..#.#.......##..........
#....#...##........w##..........
#..##...##....).................
......%.......#####.............
...# #.##...#######..........##.
...###.##....# #.Jw.....######
.#.#.......#.# #@########
.#.....#..!#.######
.#..#.#...)#.##...####
!.....#....)..#.#.#<.#
##..#.#...###.###.##.#
#...#....## #........#
...(...!#####.....####
.##...#...†..........#
#.......#####.###.##.#


You could see an ooze and a dart slug.

Vanquished Creatures
  A leopard gecko (D:1)
  A ball python (D:1)
  3 giant cockroaches (D:1)
  7 goblins (D:1)
  3 hobgoblins (D:1)
  3 bats (D:1)
  A frilled lizard (D:1)
  A rat (D:1)
20 creatures vanquished.

Notes
Turn   | Place    | Note
-------+----------+-------------------------------------------
     0 | D:1      | 4thArraOfDagon the Mummy Fire Elementalist began the quest for the Orb.
     0 | D:1      | Reached XP level 1. HP: 13/13 MP: 4/4
    60 | D:1      | Reached skill level 1 in Conjurations
   156 | D:1      | Reached XP level 2. HP: 14/19 MP: 0/5
   277 | D:1      | Reached skill level 3 in Spellcasting
   346 | D:1      | Slain by an ooze

Vault maps used:
D:1:      onia_arrival_mini_spirals

Skill      XL: |  1  2 |
---------------+-------+-----
Conjurations   | 1 |  1.5
Spellcasting   | 3 |  3.0
Dodging        | |  1.5
Stealth        | |  1.5
Fire Magic     | |  2.8

Action                   || total
-------------------------++-------
Melee: Unarmed           ||    39
 Cast: Flame Tongue      ||    30
Armor: Robe              ||    19
Dodge: Dodged            ||    67

Table legend:
 A = Spawn XP
 B = Non-spawn XP
 C = Spawn XP percentage of total XP
 D = Spawn monster count
 E = Non-spawn monster count
 F = Spawn count percentage of total count
 G = Total turns spent on level
                    A         B        C        D         E        F      G
               +---------+---------+-------+---------+---------+-------+---------
         Total |       0 |      36 |   0.0 |       0 |      20 |   0.0 |   346
               +---------+---------+-------+---------+---------+-------+---------
           D:1 |       0 |      36 |   0.0 |       0 |      20 |   0.0 |   346
               +---------+---------+-------+---------+---------+-------+---------
